 Dungeon Crawl Stone Soup version 0.30-a0-586-g23e55c9e0a (webtiles) character file.

Game seed: 15609123745969609042

175 wormed the Trooper (level 5, 0/47 HPs)
             Began as a Gnoll Wanderer on Jan 4, 2023.
             Was a Follower of Trog.
             Slain by an orc
             ... wielding a +0 flail
              (8 damage)
             ... on level 3 of the Dungeon.
             The game lasted 00:04:34 (2990 turns).

wormed the Trooper (Gnoll Wanderer)                 Turns: 2990, Time: 00:04:34

Health: 0/47       AC:  4    Str: 14    XL:     5   Next: 55%
Magic:  9/9        EV: 11    Int: 10    God:    Trog [*.....]
Gold:   171        SH:  0    Dex: 12    Spells: 9/10 levels left

rFire   . . .      SeeInvis .    f - +1 whip (elec)
rCold   . . .      Faith    .    (no shield)
rNeg    . . .      Spirit   .    g - +0 leather armour
rPois   .          Reflect  .    i - +0 helmet
rElec   .          Harm     .    (no cloak)
rCorr   .          Rampage  .    (no gloves)
Will    .....                    (no boots)
Stlth   ++                       b - amulet of magic regeneration
HPRegen 0.27/turn                (no ring)
MPRegen 0.51/turn                (no ring)

@: no status effects
A: fangs 1, strong nose, distributed training
a: Renounce Religion, Berserk


You were on level 3 of the Dungeon.
You worshipped Trog.
Trog was aware of your devotion.
You visited 1 branch of the dungeon, and saw 3 of its levels.

You collected 203 gold pieces.
You spent 32 gold pieces at shops.

Inventory:

Hand Weapons
 a - a +0 spear
 f - a +1 whip of electrocution (weapon)
Missiles
 m - 6 javelins
 r - 6 poisoned darts
 s - 5 curare-tipped darts
Armour
 g - a +0 leather armour (worn)
 i - a +0 helmet (worn)
Jewellery
 b - an amulet of magic regeneration (around neck)
Wands
 p - a wand of polymorph (11)
Scrolls
 d - a scroll of noise
 h - 2 scrolls of fear
 k - a scroll of enchant armour {unknown}
Potions
 c - 3 potions of curing
 e - 4 potions of flight
 j - 2 potions of haste
 l - 2 potions of attraction {unknown}
 o - a potion of ambrosia {unknown}


   Skills:
 + Level 6.7 Fighting
 + Level 1.6 Short Blades
 + Level 1.6 Long Blades
 + Level 1.6 Axes
 + Level 1.6 Maces & Flails
 + Level 3.0 Polearms
 + Level 1.6 Staves
 + Level 1.6 Ranged Weapons
 + Level 1.6 Throwing
 + Level 4.8 Armour
 + Level 1.6 Dodging
 + Level 2.8 Stealth
 + Level 1.6 Shields
 + Level 1.6 Unarmed Combat
 + Level 3.2 Spellcasting
 + Level 1.3 Conjurations
 + Level 1.3 Hexes
 + Level 1.3 Summonings
 + Level 4.0 Necromancy
 + Level 1.3 Translocations
 + Level 1.3 Transmutations
 + Level 1.3 Fire Magic
 + Level 1.3 Ice Magic
 + Level 1.3 Air Magic
 + Level 1.3 Earth Magic
 + Level 1.3 Poison Magic
 + Level 1.8 Invocations
 + Level 1.6 Evocations


You had 9 spell levels left.
You knew the following spells:

 Your Spells              Type           Power      Damage    Failure   Level
a - Kiss of Death         Conj/Necr      24%        2d7       12%         1

Your spell library contained the following spells:

 Spells                   Type           Power      Damage    Failure   Level
 Vampiric Draining        Necr           9%         2d6       19%         3
 Gell's Gravitas          Tloc           4%         N/A       52%         3
 Lesser Beckoning         Tloc           8%         N/A       52%         3
 Teleport Other           Tloc           4%         N/A       52%         3
 Animate Dead             Necr           9%         N/A       54%         4


Dungeon Overview and Level Annotations

Branches:
Dungeon (3/15)

Altars:
Trog

Shops:
D:1 *?=[=


Innate Abilities, Weirdness & Mutations

You have very sharp teeth.
Your uncanny sense of smell can sniff out nearby items.
Your experience applies equally to all skills.


Message History

You are too injured to fight recklessly!
You are too injured to fight recklessly!
You are too injured to fight recklessly!
You are too injured to fight recklessly!
You are too injured to fight recklessly!
You are too injured to fight recklessly!
You are too injured to fight recklessly!
You are too injured to fight recklessly!
You are too injured to fight recklessly!
You are too injured to fight recklessly!
You are too injured to fight recklessly!
You are too injured to fight recklessly!
You are too injured to fight recklessly!
You are too injured to fight recklessly!
You are too injured to fight recklessly!
You are too injured to fight recklessly!
You are too injured to fight recklessly!
You are too injured to fight recklessly!
You are too injured to fight recklessly!
You are too injured to fight recklessly!
You are too injured to fight recklessly!
You are too injured to fight recklessly!
You are too injured to fight recklessly!
You are too injured to fight recklessly!
You are too injured to fight recklessly!
You are too injured to fight recklessly!
You are too injured to fight recklessly!
You are too injured to fight recklessly!
You are too injured to fight recklessly!
You are too injured to fight recklessly!
You barely miss the orc. The bat hits you but does no damage.
The orc hits you with a +0 flail. x2
* * * LOW HITPOINT WARNING * * *
The orc hits you with a +0 flail.
* * * LOW HITPOINT WARNING * * *
Something hits you.
* * * LOW HITPOINT WARNING * * *
You hit the orc but do no damage. The bat barely misses you.
The orc closely misses you. The orc hits you with a +0 flail!
You die...

## #.#.....##..
#.......#####.#.######.#
#.>.....................
.......###############..
.......### #†#
.........# #.#
.....S...# ########.#
......{oo# #..<.....#
#o@.######'########
#.†.b.......######
#................##
#..................
####...............
#........####...
#........#......
.'....##'##......
.####.##.##......


You could see 3 orcs, a bat and a ball python.

Vanquished Creatures
  An iguana (D:2)
  7 adders
  3 worms
  3 dart slugs (D:1)
  6 ball pythons
  4 bats
  6 endoplasms
  4 giant cockroaches
  7 goblins
  5 hobgoblins
  3 quokkas
  3 frilled lizards
  10 kobolds
  5 rats
67 creatures vanquished.

Vanquished Creatures (others)
  2 plants (D:1)
2 creatures vanquished.

Grand Total: 69 creatures vanquished

Notes
Turn   | Place    | Note
-------+----------+-------------------------------------------
     0 | D:1      | wormed the Gnoll Wanderer began the quest for the Orb.
     0 | D:1      | wormed set off with the following items: a +0 spear, a +0
                  | ring mail, a potion of curing; and the following spell
                  | memorised: Kiss of Death; and the following spells
                  | available to memorise: Vampiric Draining, Animate Dead.
     0 | D:1      | Reached XP level 1. HP: 23/23 MP: 4/4
   165 | D:1      | Reached XP level 2. HP: 29/29 MP: 5/5
   244 | D:1      | Found Waplapt's Antique Armour Shop.
   249 | D:1      | Found Nuse's Jewellery Shop.
   249 | D:1      | Found Fiar's Magic Scroll Shop.
   378 | D:1      | Found Zebri's Jewellery Shop.
   437 | D:1      | Found Abuilit's Assorted Antiques.
   448 | D:1      | Bought a scroll labelled VILUCR FAHOUHU for 32 gold pieces
   836 | D:1      | Reached XP level 3. HP: 33/35 MP: 7/7
  1231 | D:2      | Reached skill level 1 in Invocations
  1422 | D:2      | Reached skill level 1 in Short Blades
  1422 | D:2      | Reached skill level 1 in Long Blades
  1422 | D:2      | Reached skill level 1 in Axes
  1422 | D:2      | Reached skill level 1 in Maces & Flails
  1422 | D:2      | Reached skill level 1 in Staves
  1422 | D:2      | Reached skill level 1 in Ranged Weapons
  1422 | D:2      | Reached skill level 1 in Throwing
  1422 | D:2      | Reached skill level 1 in Dodging
  1422 | D:2      | Reached skill level 1 in Shields
  1422 | D:2      | Reached skill level 1 in Unarmed Combat
  1422 | D:2      | Reached skill level 1 in Evocations
  1536 | D:2      | Reached XP level 4. HP: 41/41 MP: 8/8
  1904 | D:2      | Reached skill level 1 in Conjurations
  1904 | D:2      | Reached skill level 1 in Hexes
  1904 | D:2      | Reached skill level 1 in Summonings
  1904 | D:2      | Reached skill level 1 in Translocations
  1904 | D:2      | Reached skill level 1 in Transmutations
  1904 | D:2      | Reached skill level 1 in Fire Magic
  1904 | D:2      | Reached skill level 1 in Ice Magic
  1904 | D:2      | Reached skill level 1 in Air Magic
  1904 | D:2      | Reached skill level 1 in Earth Magic
  1904 | D:2      | Reached skill level 1 in Poison Magic
  1917 | D:2      | Reached XP level 5. HP: 16/47 MP: 9/9
  2633 | D:3      | Found a faded altar of an unknown god.
  2735 | D:3      | Prayed at the altar of an unknown god.
  2735 | D:3      | Became a worshipper of Trog the Wrathful
  2735 | D:3      | Reached * piety under Trog
  2990 | D:3      | Slain by an orc

Illustrated notes

Levels and vault maps discovered:
D:1:      zaba_arrival_water, layout_basic, serial_shops, shop, shop, shop,
          shop, shop_fountains, serial_forest, infiniplex_forest_lined_3_way,
          infiniplex_forest_clump_curved, infiniplex_forest_clump_medium,
          infiniplex_forest_clump_small, infiniplex_forest_end_2,
          infiniplex_forest_lined_2, infiniplex_forest_lined_room_3,
          infiniplex_forest_clump_large
D:2:      layout_basic, st_stairs_6, minmay_joined_circles
D:3:      layout_basic, mainiacjoe_overflow_paths,
          nicolae_ecumenical_snake_handling

Skill      XL: |  1  2  3  4  5 |
---------------+----------------+-----
Invocations    | 1 |  1.8
Short Blades   | 1 |  1.6
Long Blades    | 1 |  1.6
Axes           | 1 |  1.6
Maces & Flails | 1 |  1.6
Staves         | 1 |  1.6
Ranged Weapons | 1 |  1.6
Throwing       | 1 |  1.6
Dodging        | 1 |  1.6
Shields        | 1 |  1.6
Unarmed Combat | 1 |  1.6
Evocations     | 1 |  1.6
Spellcasting   | 3 |  3.2
Conjurations   | 1 |  1.3
Hexes          | 1 |  1.3
Summonings     | 1 |  1.3
Translocations | 1 |  1.3
Transmutations | 1 |  1.3
Fire Magic     | 1 |  1.3
Ice Magic      | 1 |  1.3
Air Magic      | 1 |  1.3
Earth Magic    | 1 |  1.3
Poison Magic   | 1 |  1.3
Polearms       | 3 |  3.0
Necromancy     | 4 |  4.0
Fighting       | |  6.7
Armour         | |  4.8
Stealth        | |  2.8

Action                   |  1- 3 |  4- 6 || total
-------------------------+-------+-------++-------
Melee: Spear             |    26 |       ||    26
       Bite              |    12 |    15 ||    27
       Whip              |    83 |   143 ||   226
       Punch             |     1 |     1 ||     2
  Use: Scroll            |     1 |     6 ||     7
       Potion            |       |     2 ||     2
 Stab: Sleeping          |     4 |     2 ||     6
Armor: Ring mail         |     3 |       ||     3
       Leather armour    |    26 |    54 ||    80
Dodge: Dodged            |    48 |    88 ||   136

Table legend: (Time is in decaauts)
 A = Elapsed time spent in this place.
 B = Non-inter-level travel time spent in this place.
 C = Inter-level travel time spent in this place.
 D = Time resting spent in this place.
 E = Time spent auto-exploring this place.
 F = Levels seen in this place.
 G = Mean time per level.
                   A        B        C        D        E       F      G
               +--------+--------+--------+--------+--------+-----+--------+
         Total |   3005 |   2915 |     90 |    236 |   2117 |   3 | 1001.7 |
       Dungeon |   3005 |   2915 |     90 |    236 |   2117 |   3 | 1001.7 |
               +--------+--------+--------+--------+--------+-----+--------+

Top non-repeatable levels by time:
     D:2: 1359 daAuts
     D:1: 1157 daAuts
     D:3: 489 daAuts
